 Dungeon Crawl Stone Soup version 0.29.1-4-g47bece8355 (webtiles) character file.

Game seed: 7328413953704143284

43724 safid the Crack Shot (level 13, 0/107 HPs)
             Began as a Minotaur Hunter on Dec 5, 2022.
             Was the Champion of Okawaru.
             Slain by a four-headed hydra (3 damage)
             ... on level 5 of the Lair of Beasts.
             The game lasted 00:32:53 (17420 turns).

safid the Crack Shot (Minotaur Hunter)             Turns: 17420, Time: 00:32:54

Health: 0/107      AC: 17    Str: 16    XL:     13   Next: 92%
Magic:  17/19      EV: 12    Int: 11    God:    Okawaru [******]
Gold:   797        SH:  0    Dex: 19    Spells: 12/12 levels left

rFire   . . .      SeeInvis .   K - +1 triple crossbow of Mastery {venom, rPois Int+5}
rCold   . . .      Faith    .   (shield currently unavailable)
rNeg    . . .      Spirit   .   d - +1 troll leather armour
rPois   +          Reflect  .   (helmet restricted)
rElec   .          Harm     .   G - +1 cloak
rCorr   .          Rampage  .   f - +0 pair of gloves
Will    .....                   h - +0 pair of boots
Stlth   ++........              B - amulet of the acrobat
HPRegen 1.07/turn               u - +4 ring of protection
MPRegen 0.16/turn               l - +4 ring of protection

@: finesse-ful
A: horns 2, retaliatory headbutt
a: Renounce Religion, Heroism, Finesse, Duel


You were on level 5 of the Lair of Beasts.
You worshipped Okawaru.
Okawaru was exalted by your worship.
You visited 3 branches of the dungeon, and saw 17 of its levels.
You also visited: Sewer.

You collected 797 gold pieces.

Inventory:

Hand Weapons
 D - a +0 arbalest
 K - the +1 triple crossbow of Mastery (weapon) {venom, rPois Int+5}
   (Okawaru gifted it to you on level 1 of the Lair of Beasts)

   Any ammunition fired from it poisons the flesh of those it strikes.
   Int:       It affects your intelligence (+5).
   rPois:     It protects you from poison.
 L - a +3 longbow
Armour
 d - a +1 troll leather armour (worn)
 f - a +0 pair of gloves (worn)
 h - a +0 pair of boots (worn)
 G - a +1 cloak (worn)
Jewellery
 l - a +4 ring of protection (right hand)
 u - a +4 ring of protection (left hand)
 B - an amulet of the acrobat (around neck)
Wands
 i - a wand of flame (57)
 E - a wand of light (5)
 I - a wand of paralysis (4)
Scrolls
 b - 6 scrolls of enchant weapon
 c - a scroll of summoning {unknown}
 g - 3 scrolls of fog
 j - a scroll of amnesia
 s - 2 scrolls of fear
 x - 2 scrolls of magic mapping
 z - 2 scrolls of teleportation
 A - 2 scrolls of silence
 C - a scroll of brand weapon
Potions
 a - a potion of might {unknown}
 m - 2 potions of curing
 n - a potion of lignification {unknown}
 o - 3 potions of mutation {unknown}
 p - 2 potions of haste {unknown}
 r - 2 potions of magic {unknown}
 v - 3 potions of flight
 w - a potion of degeneration {unknown}
 J - a potion of ambrosia {unknown}
Miscellaneous
 e - a phial of floods


   Skills:
 + Level 8.1 Fighting
 + Level 22.7 Ranged Weapons
 + Level 1.2 Armour
 + Level 2.6 Dodging
 - Level 0.7 Stealth
 - Level 10.0 Invocations


You had 12 spell levels left.
You didn't know any spells.
Your spell library contained the following spells:

 Spells                   Type           Power      Damage    Failure   Level
 Apportation              Tloc           0%         N/A       41%         1
 Magic Dart               Conj           0%         1d3       41%         1
 Sting                    Tmut/Pois      0%         1d3       41%         1
 Ensorcelled Hibernation  Hex/Ice        0%         N/A       54%         2
 Dazzling Flash           Conj/Hex       0%         N/A       78%         3
 Gell's Gravitas          Tloc           0%         N/A       78%         3
 Ignite Poison            Fire/Tmut/Pois 0%         N/A       78%         3
 Mephitic Cloud           Conj/Pois/Air  0%         N/A       78%         3
 Spider Form              Tmut/Pois      0%         N/A       78%         3
 Teleport Other           Tloc           0%         N/A       78%         3
 Anguish                  Hex/Necr       0%         N/A       99%         4
 Iskenderun's Mystic Bla  Conj/Tloc      0%         2d3       99%         4
 Passage of Golubria      Tloc           0%         N/A       99%         4
 Alistair's Intoxication  Tmut/Pois      0%         N/A       100%        5
 Freezing Cloud           Conj/Ice/Air   0%         6-21      100%        5
 Yara's Violent Unravell  Hex/Tmut       0%         3d3       100%        5
 Dispersal                Tloc           0%         N/A       100%        6
 Starburst                Conj/Fire      0%         6d3       100%        6
 Call Imp                 Summ           Unusable   N/A       N/A         2
 Tukima's Dance           Hex            Unusable   N/A       N/A         3

Dungeon Overview and Level Annotations

Branches:
Dungeon (11/15)            Temple (1/1) D:4            Lair (5/5) D:11
  Swamp (0/4) Lair:2       Spider (0/4) Lair:3          Orc (0/2) D:11
  Sewer (visited)
  Slime: Lair:4-5

Altars:
Ashenzari
Cheibriados
Dithmenos
Elyvilon
Fedhas
Gozag
Hepliaklqana
Kikubaaqudgha
Makhleb
Nemelex Xobeh
Okawaru
Qazlal
Ru
Sif Muna
Trog
Uskayaw
Vehumet
Wu Jian
Xom
Yredelemnul
Zin
The Shining One

Shops:
D:6 :   D:10 (

Annotations:
D:2 1 runed translucent door, Crazy Yiuf
D:3 1 runed translucent door, ZoeForever1's ghost, amateur GnVM
Lair:3 3 runed translucent doors, Lutefisk's ghost, journeyman TeAE


Innate Abilities, Weirdness & Mutations

You have a pair of horns on your head.
You reflexively headbutt those who attack you in melee.


Message History

The four-headed hydra misses you. You furiously retaliate!
You headbutt the four-headed hydra!
The four-headed hydra closely misses you.
The four-headed hydra barely misses you.
The four-headed hydra misses you.
A wolf comes into view.
Fire: K) +1 triple crossbow of Mastery {venom, rPois Int+5}
Press: ? - help, Q - select action, (/) - cycle Shift-Dir - straight line, f/p - four-headed hydra
Aim: a four-headed hydra (severely wounded, 85% to hit)
You shoot a bolt.
The bolt hits the four-headed hydra but does no damage.
The four-headed hydra is severely wounded.
The yak gores you but does no damage.
Fire: K) +1 triple crossbow of Mastery {venom, rPois Int+5}
Press: ? - help, Q - select action, (/) - cycle Shift-Dir - straight line, f/p - four-headed hydra
Aim: a four-headed hydra (severely wounded, 85% to hit)
You shoot a bolt.
The bolt barely misses the four-headed hydra.
The four-headed hydra bites you.
* * * LOW HITPOINT WARNING * * *
The four-headed hydra barely misses you.
The four-headed hydra bites you but does no damage.
The four-headed hydra bites you!
* * * LOW HITPOINT WARNING * * *
The blink frog blinks!
Unknown command.
Unknown command.
Unknown command.
Fire: K) +1 triple crossbow of Mastery {venom, rPois Int+5}
Press: ? - help, Q - select action, (/) - cycle Shift-Dir - straight line, f/p - four-headed hydra
Aim: a four-headed hydra (severely wounded, 85% to hit)
You shoot a bolt.
The bolt completely misses the four-headed hydra.
The blink frog hits you!
* * * LOW HITPOINT WARNING * * *
The blink frog blinks!
The yak gores you!
* * * LOW HITPOINT WARNING * * *
The four-headed hydra bites you but does no damage.
The four-headed hydra bites you.
You die...

#...... .. #...#.
#.... #####....
.....##.#.....#
.......#.....#
#........)..P#
.....F......†##
#.........§@†.###
#..........DY...#
#.....<...h.....#
#....^.........F##
#.............#h.#
..............P....
..........#........
........$##÷.......
[.......## .P.P..


You could see a four-headed hydra, a yak, 2 blink frogs and 2 wolves.

Vanquished Creatures
  Nessos (Lair:4)
  A boulder beetle (Lair:3)
  6 hydras
  A two-headed ogre (D:11)
  18 death yaks
  Nergalle (Lair:1)
  An orc knight (D:10)
  15 elephants
  3 black mambas
  A torpor snail (Lair:4)
  6 cane toads
  2 gargoyles
  An unseen horror (D:11)
  2 rime drakes
  9 komodo dragons
  3 trolls
  4 polar bears
  11 blink frogs
  7 dream sheep (Lair:4)
  2 spriggans (Lair:3)
  A vampire (D:11)
  4 wyverns
  9 yaks
  A basilisk (Lair:2)
  A steam dragon (D:7)
  3 vampire mosquitoes (D:10)
  An acid dragon (D:10)
  3 swamp worms (Lair:2)
  8 water moccasins
  An ice beast (D:6)
  8 orc warriors
  2 black bears
  A sky beast (D:6)
  3 centaurs
  2 ogres
  13 wolves
  A kobold brigand (D:5)
  11 bullfrogs
  A necrophage (D:4)
  3 gnoll sergeants
  3 scorpions
  14 wights
  13 killer bees
  4 howler monkeys
  3 hounds
  6 orc priests
  3 jellies
  3 iguanas
  Jessica (D:2)
  Terence (D:2)
  6 orc wizards
  9 hell rats
  11 gnolls
  12 adders
  3 river rats (D:5)
  A shadow imp (D:7)
  5 worms
  2 dart slugs
  38 orcs
  7 ball pythons
  5 bats
  19 endoplasms
  16 giant cockroaches
  5 hobgoblins
  2 jackals (D:4)
  9 kobolds
  18 quokkas
  7 frilled lizards
  6 goblins
  5 rats
409 creatures vanquished.

Vanquished Creatures (others)
  14 fungi
  21 plants
35 creatures vanquished.

Grand Total: 444 creatures vanquished

Notes
Turn   | Place    | Note
-------+----------+-------------------------------------------
     0 | D:1      | safid the Minotaur Hunter began the quest for the Orb.
     0 | D:1      | Reached XP level 1. HP: 18/18 MP: 0/0
   306 | D:1      | Reached XP level 2. HP: 26/26 MP: 1/1
  1156 | D:2      | Reached skill level 5 in Ranged Weapons
  1156 | D:2      | Reached XP level 3. HP: 25/29 MP: 2/2
  1495 | D:2      | Noticed Jessica
  1497 | D:2      | Killed Jessica
  1498 | D:2      | Reached XP level 4. HP: 40/40 MP: 3/3
  1560 | D:2      | Noticed Terence
  1573 | D:2      | Killed Terence
  2165 | D:2      | Found a faded altar of an unknown god.
  2183 | D:2      | Reached XP level 5. HP: 47/47 MP: 4/4
  2228 | D:2      | Found a runed translucent door.
  2229 | D:2      | Noticed Crazy Yiuf
  2349 | D:3      | Noticed ZoeForever1's ghost (amateur GnVM)
  2357 | D:3      | Found a runed translucent door.
  2508 | D:3      | Reached skill level 5 in Fighting
  2576 | D:3      | Reached skill level 6 in Ranged Weapons
  3408 | D:4      | Reached XP level 6. HP: 38/57 MP: 5/5
  3544 | D:4      | Found a staircase to the Ecumenical Temple.
  3556 | Temple   | Entered the Ecumenical Temple
  4341 | D:5      | Entered Level 5 of the Dungeon
  4418 | D:5      | Reached skill level 7 in Ranged Weapons
  4429 | D:5      | Found a glowing drain.
  4436 | D:5      | Reached XP level 7. HP: 49/64 MP: 6/6
  4452 | Sewer    | Entered a sewer
  5132 | D:5      | Reached skill level 8 in Ranged Weapons
  5788 | D:6      | Found a blossoming altar of Fedhas.
  5788 | D:6      | Found an iron altar of Okawaru.
  5788 | D:6      | Found a hazy altar of Hepliaklqana.
  5808 | D:6      | Reached XP level 8. HP: 67/74 MP: 7/7
  5815 | D:6      | Became a worshipper of Warmaster Okawaru
  5888 | D:6      | Reached skill level 9 in Ranged Weapons
  6163 | D:6      | Found Aroeqe Urroi's Book Emporium.
  6201 | D:6      | Reached skill level 10 in Ranged Weapons
  6980 | D:7      | Reached skill level 11 in Ranged Weapons
  6995 | D:7      | Reached * piety under Okawaru
  7238 | D:7      | Reached XP level 9. HP: 47/81 MP: 8/8
  7699 | D:7      | Reached skill level 12 in Ranged Weapons
  8215 | D:8      | Found a sparkling altar of Nemelex Xobeh.
  8519 | D:8      | Noticed a troll
  8543 | D:8      | Killed a troll
  8543 | D:8      | Reached ** piety under Okawaru
  8544 | D:8      | Reached skill level 13 in Ranged Weapons
  8848 | D:8      | Noticed a manticore
  9229 | D:7      | Reached skill level 14 in Ranged Weapons
  9608 | D:8      | Found a radiant altar of Vehumet.
  9613 | D:8      | Found an ancient bone altar of Kikubaaqudgha.
  9622 | D:8      | Found a shimmering blue altar of Sif Muna.
  9629 | D:8      | Got Sif Muna's Compendium of Reformation
  9654 | D:8      | Noticed a two-headed ogre
  9812 | D:9      | Reached XP level 10. HP: 88/88 MP: 9/9
  9917 | D:9      | Found a glowing golden altar of the Shining One.
  9983 | D:9      | Found a glowing silver altar of Zin.
 10127 | D:9      | Noticed a gargoyle
 10133 | D:9      | Killed a gargoyle
 10133 | D:9      | Reached *** piety under Okawaru
 10296 | D:9      | Reached skill level 15 in Ranged Weapons
 10351 | D:10     | Entered Level 10 of the Dungeon
 10351 | D:10     | Found a basalt altar of Yredelemnul.
 10352 | D:10     | Identified the +8 trident of Pandemonium {vamp, rN+ rCorr
                  | Dex-3 Stlth+}
 10381 | D:10     | Found Vysewkab's Weapon Emporium.
 11174 | D:11     | Noticed an orc knight
 11196 | D:11     | Reached skill level 16 in Ranged Weapons
 11206 | D:10     | Killed an orc knight
 11206 | D:10     | Reached **** piety under Okawaru
 11446 | D:11     | Found a staircase to the Orcish Mines.
 11730 | D:11     | Noticed a two-headed ogre
 11736 | D:11     | Killed a two-headed ogre
 11737 | D:11     | Reached skill level 17 in Ranged Weapons
 11752 | D:11     | Reached XP level 11. HP: 89/94 MP: 10/10
 11814 | D:11     | Noticed a death yak
 11818 | D:11     | Noticed a death yak
 11821 | D:11     | Reached skill level 1 in Invocations
 11821 | D:11     | Noticed a death yak
 11841 | D:11     | HP: 3/94 [death yak (21)]
 12123 | D:11     | Found a staircase to the Lair.
 12267 | D:11     | Killed a death yak
 12267 | D:11     | Reached ***** piety under Okawaru
 12369 | Lair:1   | Entered Level 1 of the Lair of Beasts
 12383 | Lair:1   | Noticed a death yak
 12383 | Lair:1   | Noticed a death yak
 12383 | Lair:1   | Noticed a death yak
 12383 | Lair:1   | Noticed a death yak
 12383 | Lair:1   | Noticed a death yak
 12384 | Lair:1   | Noticed a death yak
 12400 | Lair:1   | Killed a death yak
 12412 | Lair:1   | Killed a death yak
 12419 | Lair:1   | Killed a death yak
 12420 | Lair:1   | Reached skill level 18 in Ranged Weapons
 12425 | Lair:1   | Noticed a seven-headed hydra
 12576 | Lair:1   | Reached skill level 5 in Invocations
 12654 | Lair:1   | Identified the +1 triple crossbow of Mastery {venom, rPois
                  | Int+5} (Okawaru gifted it to you on level 1 of the Lair of
                  | Beasts)
 12654 | Lair:1   | Received a gift from Okawaru
 12685 | Lair:1   | Noticed a four-headed hydra
 12693 | Lair:1   | Killed a four-headed hydra
 12800 | Lair:1   | Killed a seven-headed hydra
 12942 | Lair:1   | Reached XP level 12. HP: 101/101 MP: 15/17
 12982 | Lair:1   | Noticed a death yak
 12985 | Lair:1   | Noticed a death yak
 12986 | Lair:1   | Killed a death yak
 12987 | Lair:1   | Noticed a death yak
 12990 | Lair:1   | Noticed a death yak
 12991 | Lair:1   | Killed a death yak
 12992 | Lair:1   | Noticed a death yak
 12997 | Lair:1   | Killed a death yak
 13000 | Lair:1   | Killed a death yak
 13002 | Lair:1   | Killed a death yak
 13002 | Lair:1   | Received a gift from Okawaru
 13055 | Lair:1   | Identified the amulet "Yzxannut" {*Corrode Regen+ MP+9
                  | Str+2 Int+4}
 13233 | Lair:1   | Noticed Nergalle
 13236 | Lair:1   | Killed Nergalle
 13341 | Lair:1   | Reached ****** piety under Okawaru
 13342 | Lair:1   | Reached skill level 19 in Ranged Weapons
 13455 | Lair:1   | Killed a death yak
 13463 | Lair:1   | Killed a death yak
 13469 | Lair:1   | Killed a death yak
 14065 | Lair:2   | Reached skill level 10 in Invocations
 14106 | Lair:2   | Identified the +4 ring mail of the Moon Troll {Rampage
                  | *Corrode rElec Str+4} (Okawaru gifted it to you on level 2
                  | of the Lair of Beasts)
 14106 | Lair:2   | Received a gift from Okawaru
 14585 | Lair:2   | Noticed a six-headed hydra
 14590 | Lair:2   | Killed a six-headed hydra
 14609 | Lair:2   | Reached skill level 20 in Ranged Weapons
 14617 | Lair:2   | Noticed a five-headed hydra
 14626 | Lair:2   | Killed a five-headed hydra
 14693 | Lair:2   | Found a staircase to the Swamp.
 14880 | Lair:3   | Found a runed translucent gate.
 14880 | Lair:3   | Noticed an 11-headed hydra
 14896 | Lair:3   | Found a runed translucent gate.
 14896 | Lair:3   | Found a runed translucent gate.
 14896 | Lair:3   | Noticed a nine-headed hydra
 14896 | Lair:3   | Noticed Lutefisk's ghost (journeyman TeAE)
 14947 | Lair:3   | Noticed a death yak
 14947 | Lair:3   | Noticed a death yak
 14947 | Lair:3   | Noticed a death yak
 14950 | Lair:3   | Noticed a death yak
 14953 | Lair:3   | Noticed a death yak
 14957 | Lair:3   | Noticed a death yak
 14958 | Lair:3   | Killed a death yak
 15093 | Lair:3   | Noticed a boulder beetle
 15098 | Lair:3   | Killed a boulder beetle
 15099 | Lair:3   | Reached XP level 13. HP: 107/107 MP: 19/19
 15546 | Lair:3   | Found a hole to the Spider Nest.
 15714 | Lair:3   | Reached skill level 21 in Ranged Weapons
 15772 | Lair:3   | Identified the +1 scale mail of Vetogg {Dex+3 Stlth+}
                  | (Okawaru gifted it to you on level 3 of the Lair of Beasts)
 15772 | Lair:3   | Received a gift from Okawaru
 16360 | Lair:4   | Identified the +7 mace of Iconoclasm {drain, Fly Will+
                  | rCorr Int+3}
 16568 | Lair:4   | Noticed Nessos
 16585 | Lair:4   | Killed Nessos
 16586 | Lair:4   | Reached skill level 22 in Ranged Weapons
 17378 | Lair:5   | Entered Level 5 of the Lair of Beasts
 17404 | Lair:5   | Reached skill level 1 in Armour
 17420 | Lair:5   | HP: 3/107 [yak (7)]
 17420 | Lair:5   | Slain by a four-headed hydra

Illustrated notes

Levels and vault maps discovered:
D:1:      evilmike_arrival_crescent, layout_basic
D:2:      layout_loops_ring, ebering_ecumenical_altar_box, st_stairs_13,
          kennysheep_generic_room_4, uniq_crazy_yiuf_cottage, uniq_terence,
          uniq_jessica
D:3:      layout_basic, hellmonk_ghost_happy_afterlife, lemuel_flame_loot_1
D:4:      layout_cave_pools, minmay_temple_entry_ruins, serial_rivers,
          chequers_serial_rivers_large_a, chequers_serial_rivers_room_a,
          chequers_serial_rivers_small_3, chequers_serial_rivers_room_b,
          chequers_serial_rivers_micro_e
D:5:      layout_loops_ring, portal_sewer_entry_c,
          corexii_item_surrounded_by_moat, serial_bayou_lagoon_a
D:6:      layout_cave_pools, chequers_temple_overflow_statue_of_worship,
          serial_shops, shop
D:7:      layout_rooms, nicolae_elevator_lobby_plus
D:8:      layout_rooms, grunt_temple_overflow_magic_moments,
          mainiacjoe_overflow_alcove_1, onia_ninara_dug_in_and_dangerous
D:9:      layout_grid_maze, mainiacjoe_overflow_catch_the_wave
D:10:     layout_loops_ring, yredelemnul_altar_generic, serial_shops,
          nicolae_shop_waterfront
D:11:     layout_loops_corners, dpeg_lair_monsters, david_orc_5
Temple:   nicolae_temple_ecumenical_triangle
Lair:1:   layout_layer_cave, st_stairs_12, grunt_megastairs_2, uniq_nergalle
Lair:2:   layout_roguey, palyth_hydra_swamp_entry, infiniplex_staircase_pool
Lair:3:   layout_gridlike, spider_nest_entry_web_field,
          gammafunk_ghost_hydra_chop, forest_entry_grove
Lair:4:   layout_hall_layers, beast_lair_carwin_5, uniq_nessos
Lair:5:   grunt_lair_end_beastmaster, layout_cave_pods,
          minmay_slime_entry_pillars, serial_bayou_shore_b, grunt_megastairs_3

Skill      XL: |  1  2  3  4  5  6  7  8  9 10 11 12 13 |
---------------+----------------------------------------+-----
Fighting       | 3 4 5 6 8 |  8.1
Ranged Weapons | 5 6 7 8 11 14 17 18 20 22 | 22.7
Invocations    | 8 10 | 10.0
Armour         | 1 |  1.2
Dodging        | |  2.6
Stealth        | |  0.7

Action                   |  1- 3 |  4- 6 |  7- 9 | 10-12 | 13-15 || total
-------------------------+-------+-------+-------+-------+-------++-------
 Fire: Shortbow          |    80 |   158 |   559 |       |       ||   797
       Arbalest          |       |       |    10 |   317 |       ||   327
       Triple crossbow   |       |       |       |   146 |   242 ||   388
Invok: Heroism           |       |       |       |     3 |       ||     3
       Finesse           |       |       |       |     5 |     4 ||     9
  Use: Scroll            |       |       |     7 |    11 |     9 ||    27
       Potion            |       |       |     6 |     1 |     4 ||    11
Armor: Scale mail        |     9 |    33 |    98 |       |       ||   140
       Leather armour    |     4 |       |       |       |       ||     4
       Troll leather arm |       |       |    37 |    89 |    82 ||   208
Dodge: Dodged            |    19 |    85 |   373 |   235 |   135 ||   847
